cohdb
Replays
Latest Replays
All Replays
Popular Replays
Top Player Replays
Match Explorer
How It Works
Community
CoH3 Stats
Reddit
Sign in to upload your games and track your stats! →
Sign in with Steam
Match 41130548
Unlisted
Match 41130548
Overview
Messages
Build Orders
End
Construct Barracks
Selects Special Operations Battlegroup
Selects M29 Weasel Recon Vehicle
M29 Weasel Recon Vehicle
Riflemen Squad
M1 Mortar Team
Grenade Package
Construct Weapon Support Center
M1919 Machine Gun Team
M29 Weasel Recon Vehicle
Selects Raiding Flares
Raiding Flares
Bazooka Squad
Infantry Support Center
Construct Motor Pool
M8 Greyhound Armored Car
M8 Greyhound Armored Car
Raiding Flares
Engineer Squad
Selects P-47 Anti-Infantry Loiter
P-47 Anti-Infantry Loiter
Raiding Flares
M24 Chaffee Light Tank
M1 Anti-tank Gun Team
P-47 Anti-Infantry Loiter
Selects SSF Commando Squad
SSF Commando Squad
Raiding Flares
Improved M9 Bazooka Rockets
SSF Commando Squad
Selects Assault Operation
M1919 Machine Gun Team
Raiding Flares
M1 Anti-tank Gun Team
P-47 Anti-Infantry Loiter
Selects M4A1 Sherman Whizbang
M4A1 Sherman Whizbang
M24 Chaffee Light Tank
Assault Operation
M4A1 Sherman Whizbang
Fluffwaffle
PhoBoVien
LwD-ClevelanD
Kitty
民豪
PayPerPaper
Blucelee
[PBSr]Confident Pwoh
0
0
Comments
sign in to comment!
No comments posted yet!